 Dungeon Crawl Stone Soup version 0.31-a0-1082-g7d1fb776a8 (webtiles) character file.

Game seed: 8281561491978940483

10988 Apprentice the Cleaver (level 11, -4/100 HPs)
             Began as a Minotaur Berserker on Nov 27, 2023.
             Was an Elder of Trog.
             Slain by a harpy skeleton (11 damage)
             ... on level 2 of the Abyss.
             The game lasted 00:30:10 (7334 turns).

Apprentice the Cleaver (Minotaur Berserker)         Turns: 7334, Time: 00:30:10

Health: -4/100     AC: 16    Str: 25 (26) XL:     11   Next: 43%
Magic:  7/7        EV:  7    Int:  3      God:    Trog [****..]
Gold:   420        SH: 10    Dex:  5 (6)  Spells: 10/10 levels left

rFire   . . .        v - +8 hand axe of Currency {elec, Int+3 Stlth+}
rCold   x x .        x - +2 kite shield
rNeg    . . .        B - +0 plate armour
rPois   .            (helmet restricted)
rElec   .            (no cloak)
rCorr   .            (no gloves)
SInv    +            c - +0 pair of boots
Will    .....        s - amulet of regeneration Stlth
                     f - ring of see invisible
HPRegen 1.16/turn    (no ring)
MPRegen 0.10/turn

%: random rage (9%)
@: no status effects
A: horns 2, retaliatory headbutt, [berserk 2], [clumsy 2], [deterioration 2],
[dopey 2], [low MP 2], [no potion heal 2], [cold vulnerability 2], [subdued
magic 2]
a: Renounce Religion, Berserk, Trog's Hand, Brothers in Arms


You were on level 2 of the Abyss.
You worshipped Trog.
Trog was greatly pleased with you.
You visited 1 branch of the dungeon, and saw 8 of its levels.
You visited the Abyss 1 time.

You collected 420 gold pieces.

Inventory:

Hand Weapons
 a - a +1 hand axe
 v - the +8 hand axe of Currency (weapon) {elec, Int+3 Stlth+}
   (You found it on level 5 of the Dungeon)

   Int+3:     It affects your intelligence (+3).
   Stlth+:    It makes you more stealthy.
Missiles
 i - 5 throwing nets
Armour
 c - a +0 pair of boots (worn)
 d - a +1 chain mail
 p - a +0 kite shield
 x - a +2 kite shield (worn)
 B - a +0 plate armour (worn)
Jewellery
 b - a ring of fire
 f - a ring of see invisible (left hand)
 r - an amulet of faith
 s - an amulet of regeneration (around neck)
 u - a +6 ring of intelligence
Wands
 k - a wand of charming (5)
 n - a wand of mindburst (18)
Scrolls
 q - a scroll of enchant armour
 t - a scroll of enchant weapon
 y - a scroll of identify
 z - 4 scrolls of teleportation
 A - a scroll of fear
Potions
 e - a potion of mutation {unknown}
 g - 5 potions of curing
 h - 2 potions of might {unknown}
 l - a potion of haste {unknown}
 m - a potion of attraction {unknown}
 o - 2 potions of brilliance {unknown}
 w - a potion of magic {unknown}
Miscellaneous
 j - a condenser vane


   Skills:
 + Level 10.3 Fighting
 - Level 14.0 Axes
 + Level 11.1 Armour
 + Level 5.1 Dodging
 + Level 7.3 Shields


You had 10 spell levels left.
You didn't know any spells.
Your spell library was empty.

Dungeon Overview and Level Annotations

Branches:
Dungeon (8/15)             Temple (0/1) D:5            Lair (0/5) D:8

Altars:
Dithmenos
Hepliaklqana
Makhleb
Nemelex Xobeh
Okawaru
Qazlal
Ru
Sif Muna
Trog
Wu Jian
Xom
Yredelemnul

Annotations:
D:8 Psyche


Innate Abilities, Weirdness & Mutations

You have a pair of horns on your head.
You reflexively headbutt those who attack you in melee.
[You have an uncontrollable temper.]
[You are very clumsy. (Dex -4)]
[Your body often deteriorates upon taking damage.]
[You are very dopey. (Int -4)]
[Your magical capacity is very low. (-20% MP)]
[Potions cannot restore your health.]
[You are very vulnerable to cold. (rC--)]
[Your spells are easier to cast, but less powerful.]


Message History

The living lightning hits you but does no damage.
The raiju blinks!
A tentacle flies out from the starspawn's body!
A starspawn tentacle comes into view.
The raiju bursts into living lightning!
The living lightning hits you!
* * * LOW HITPOINT WARNING * * *
The raiju blinks!
A starspawn tentacle comes into view.
The raiju bursts into living lightning!
The living lightning hits you.
* * * LOW HITPOINT WARNING * * *
The raiju blinks!
A brown very ugly thing comes into view.
The chaos spawn growls angrily.
You hear a bark!
A large abomination comes into view.
The large abomination hits you!
* * * LOW HITPOINT WARNING * * *
The large abomination attacks as it pursues you!
The large abomination closely misses you.
The brown very ugly thing engulfs you but does no damage.
A fire bat comes into view.
Tentacles burst from the starspawn's body! 2 starspawn tentacles come into view.
The brown very ugly thing attacks as it pursues you!
The brown very ugly thing engulfs you but does no damage.
The brown very ugly thing attacks as it pursues you!
You block the brown very ugly thing's attack.
A harpy skeleton comes into view.
The brown very ugly thing attacks as it pursues you!
You block the brown very ugly thing's attack.
The brown very ugly thing engulfs you!
* * * LOW HITPOINT WARNING * * *
You are splashed with acid.
* * * LOW HITPOINT WARNING * * *
The harpy skeleton claws you!
* * * LOW HITPOINT WARNING * * *
The harpy skeleton claws you but does no damage.
The harpy skeleton claws you!
You die...

.#. #. .#
##.... #...
.#.... .. .#
..#. .#.#.....#
....#.#..
......#.# .
.......@###.#.#
##..#...Z....#
#..u###.##. #
##.X#...... ..
#....### # .
#.#.#....# .#.
##.##
#....#.######..
....#
.#....#...#. #.
.
.....##...#...
# ...


You could see a brown very ugly thing, a large abomination and a harpy skeleton.

Vanquished Creatures
  9 death yaks (D:7)
  A two-headed ogre (D:7)
  A wretched star (Abyss:2)
  Maggie (D:6)
  A hornet (D:8)
  A raiju (Abyss:2)
  Sigmund (D:5)
  2 steam dragons (D:8)
  Menkaure (D:6)
  Edmund (D:6)
  A water moccasin (D:5)
  A black bear (D:7)
  An orc warrior (D:8)
  3 ice beasts
  2 sky beasts
  2 ogres
  Blork the orc (D:6)
  3 bullfrogs
  5 scorpions
  A gnoll sergeant (D:6)
  8 wights (D:7)
  3 killer bees (D:8)
  A howler monkey (D:8)
  4 crimson imps (D:3)
  3 hounds
  2 jellies
  2 orc priests
  Crazy Yiuf (D:3)
  2 gnoll boudas
  An iron imp (Abyss:2)
  4 iguanas
  Ijyb (D:5)
  Natasha (thrice) (D:3)
  6 orc wizards
  18 gnolls
  7 adders
  An ufetubus (Abyss:2)
  4 worms
  A dart slug (D:1)
  32 orcs
  5 bats
  4 endoplasms
  6 giant cockroaches
  6 goblins
  7 hobgoblins
  9 jackals
  6 quokkas
  7 ball pythons
  2 frilled lizards
  5 kobolds
  8 rats
208 creatures vanquished.

Vanquished Creatures (collateral kills)
  A large abomination (Abyss:1)
1 creature vanquished.

Vanquished Creatures (others)
  7 starspawn tentacles (Abyss:2)
7 creatures vanquished.

Grand Total: 216 creatures vanquished

Notes
Turn   | Place    | Note
-------+----------+-------------------------------------------
     0 | D:1      | Apprentice the Minotaur Berserker began the quest for the
                  | Orb.
     0 | D:1      | Reached XP level 1. HP: 19/19 MP: 0/0
   145 | D:1      | Reached skill level 4 in Axes
   145 | D:1      | Reached XP level 2. HP: 24/27 MP: 1/1
   480 | D:1      | Reached ** piety under Trog
   500 | D:1      | Reached XP level 3. HP: 33/33 MP: 2/2
  1246 | D:3      | Noticed Natasha
  1253 | D:3      | Killed Natasha
  1254 | D:3      | Reached XP level 4. HP: 39/41 MP: 3/3
  1299 | D:3      | Found a shadowy altar of Dithmenos.
  1303 | D:3      | Found a bloodstained altar of Trog.
  1308 | D:3      | Found a sparkling altar of Nemelex Xobeh.
  1309 | D:3      | Found a shimmering blue altar of Sif Muna.
  1309 | D:3      | Found a sacrificial altar of Ru.
  1309 | D:3      | Found a burning altar of Makhleb.
  1311 | D:3      | Found a basalt altar of Yredelemnul.
  1355 | D:3      | Reached skill level 5 in Axes
  1357 | D:3      | Noticed a bullfrog
  1365 | D:3      | Killed a bullfrog
  1366 | D:3      | Reached XP level 5. HP: 47/47 MP: 4/4
  1475 | D:3      | Noticed Natasha
  1510 | D:3      | Killed Natasha
  1559 | D:3      | Found a runed translucent door.
  1560 | D:3      | Noticed Crazy Yiuf
  1702 | D:3      | Reached XP level 6. HP: 55/55 MP: 5/5
  1874 | D:3      | Reached *** piety under Trog
  1875 | D:3      | Reached skill level 6 in Axes
  1977 | D:3      | Found an ornate altar of the Wu Jian Council.
  1977 | D:3      | Noticed Natasha
  1986 | D:3      | Killed Natasha
  1987 | D:3      | Reached skill level 5 in Fighting
  2150 | D:3      | Found a shimmering altar of Xom.
  2167 | D:3      | Reached skill level 1 in Shields
  2599 | D:3      | Killed Crazy Yiuf
  2600 | D:3      | Reached XP level 7. HP: 61/61 MP: 6/6
  2651 | D:4      | Reached skill level 5 in Armour
  2742 | D:4      | Reached skill level 7 in Axes
  3337 | D:4      | Found an iron altar of Okawaru.
  3605 | D:5      | Entered Level 5 of the Dungeon
  3789 | D:5      | Reached skill level 8 in Axes
  3811 | D:5      | Noticed Ijyb
  3816 | D:5      | Killed Ijyb
  3922 | D:5      | Reached XP level 8. HP: 70/70 MP: 7/7
  4162 | D:5      | Found a staircase to the Ecumenical Temple.
  4197 | D:5      | Reached **** piety under Trog
  4217 | D:5      | Identified the +8 hand axe of Currency {elec, Int+3 Stlth+}
  4334 | D:5      | Noticed Sigmund
  4340 | D:5      | Killed Sigmund
  4341 | D:5      | Reached skill level 9 in Axes
  4708 | D:6      | Noticed Blork the orc
  4715 | D:6      | Killed Blork the orc
  4919 | D:6      | Found a glowing drain.
  4926 | D:6      | Noticed Menkaure
  4927 | D:6      | Noticed Maggie
  4929 | D:6      | Noticed Edmund
  4938 | D:6      | Killed Menkaure
  4939 | D:6      | Reached skill level 10 in Axes
  4939 | D:6      | Killed Maggie
  4943 | D:6      | Killed Edmund
  5011 | D:6      | Reached XP level 9. HP: 78/79 MP: 8/8
  5143 | D:6      | Found a stormy altar of Qazlal.
  5418 | D:7      | Identified the +1 hand axe "Naiph" {distort, Will- Dex+3
                  | SInv}
  5459 | D:7      | Found a hazy altar of Hepliaklqana.
  5705 | D:7      | Reached skill level 11 in Axes
  5812 | D:7      | Reached ***** piety under Trog
  5903 | D:7      | Noticed a two-headed ogre
  5916 | D:7      | Killed a two-headed ogre
  6349 | D:8      | Reached XP level 10. HP: 88/88 MP: 9/9
  6473 | D:8      | Reached skill level 12 in Axes
  6558 | D:8      | Reached skill level 5 in Shields
  6563 | D:8      | Noticed a death yak
  6565 | D:8      | Noticed a death yak
  6565 | D:8      | Noticed a death yak
  6565 | D:8      | Noticed a death yak
  6567 | D:8      | Noticed a death yak
  6568 | D:8      | Noticed Psyche
  6568 | D:8      | Noticed a death yak
  6582 | D:7      | Killed a death yak
  6640 | D:8      | Noticed a death yak
  6649 | D:7      | Killed a death yak
  6656 | D:7      | Killed a death yak
  6657 | D:7      | Reached skill level 13 in Axes
  6789 | D:8      | Noticed a death yak
  6803 | D:7      | Killed a death yak
  6838 | D:7      | Killed a death yak
  6839 | D:7      | Reached skill level 10 in Armour
  6847 | D:7      | Killed a death yak
  6848 | D:7      | Reached skill level 5 in Dodging
  6848 | D:7      | Reached XP level 11. HP: 19/99 MP: 10/10
  6909 | D:8      | Noticed a death yak
  6919 | D:7      | Killed a death yak
  6922 | D:7      | Killed a death yak
  6971 | D:7      | Killed a death yak
  6972 | D:7      | Reached skill level 10 in Fighting
  6972 | D:7      | Reached skill level 14 in Axes
  7018 | D:8      | Found a staircase to the Lair.
  7024 | Abyss:1  | Cast into level 1 of the Abyss (Psyche)
  7030 | Abyss:1  | Noticed a large abomination
  7062 | Abyss:1  | Killed a large abomination
  7100 | Abyss:2  | Found a corrupted altar of Lugonu.
  7212 | Abyss:2  | Noticed a wretched star
  7232 | Abyss:2  | Killed a wretched star
  7279 | Abyss:2  | Noticed a wretched star
  7300 | Abyss:2  | Found a corrupted altar of Lugonu.
  7301 | Abyss:2  | Noticed a tentacled starspawn
  7314 | Abyss:2  | Noticed a brown very ugly thing
  7315 | Abyss:2  | Noticed a large abomination
  7334 | Abyss:2  | Slain by a harpy skeleton

Illustrated notes

Levels and vault maps discovered:
D:1:      ncdulo_smallfort, layout_basic, minmay_misc_feat_rows
D:2:      layout_rooms
D:3:      minmay_octagon_keep, layout_basic, overflow_temple_1_default,
          minitemple, led_xom_imps, uniq_crazy_yiuf_cottage, uniq_natasha
D:4:      layout_loops_ring, kennysheep_okawaru_gauntlet,
          chequers_serial_rivers_micro_e, nicolae_concentric_dashed_squares_wild
D:5:      layout_basic, temple_statues, uniq_ijyb, uniq_sigmund
D:6:      layout_basic, lemuel_tele_altar, cheibrodos_sewer_entry_drain,
          nicolae_grassy_gnolls, uniq_edmund, uniq_blork_the_orc, uniq_menkaure,
          uniq_maggie
D:7:      layout_loops_corners, mainiacjoe_overflow_catwalk
D:8:      layout_rooms, dpeg_lair_monsters, uniq_psyche
Abyss:2:  base: Temple, hangedman_decor_peaks_small, minivault_26

Skill      XL: |  1  2  3  4  5  6  7  8  9 10 11 |
---------------+----------------------------------+-----
Axes           | 4 5 6 8 10 11 13 14 | 14.0
Fighting       | 4 5 6 7 8 9 10 | 10.3
Dodging        | 3 4 5 |  5.1
Armour         | 3 4 5 7 8 10 11 | 11.1
Shields        | 1 2 4 6 7 |  7.3

Action                     |  1- 3 |  4- 6 |  7- 9 | 10-12 || total
---------------------------+-------+-------+-------+-------++-------
  Melee: Hand axe          |    89 |   160 |   253 |   123 ||   625
         Headbutt          |    17 |    30 |    50 |    26 ||   123
 Invoke: Berserk           |       |     2 |     1 |     4 ||     7
         Trog's Hand       |       |       |     1 |     1 ||     2
         Brothers in Arms  |       |       |       |     1 ||     1
    Use: Scroll            |     2 |       |    11 |       ||    13
         Potion            |       |       |     1 |       ||     1
 Armour: Animal skin       |    18 |       |       |       ||    18
         Chain mail        |    48 |   111 |   146 |    69 ||   374
         Plate armour      |       |       |       |    34 ||    34
  Dodge: Dodged            |    30 |    62 |    85 |    25 ||   202
  Block: Buckler           |     2 |    28 |    21 |       ||    51
         Kite shield       |       |       |    32 |    47 ||    79

Table legend: (Time is in decaauts)
 A = Elapsed time spent in this place.
 B = Non-inter-level travel time spent in this place.
 C = Inter-level travel time spent in this place.
 D = Time resting spent in this place.
 E = Time spent auto-exploring this place.
 F = Levels seen in this place.
 G = Mean time per level.
                   A        B        C        D        E       F      G
               +--------+--------+--------+--------+--------+-----+--------+
         Total |   7365 |   7365 |      0 |   1015 |   4231 |  10 |  736.5 |
       Dungeon |   7049 |   7049 |      0 |    967 |   4231 |   8 |  881.1 |
         Abyss |    315 |    315 |      0 |     48 |      0 |   2 |  157.5 |
               +--------+--------+--------+--------+--------+-----+--------+

Top non-repeatable levels by time:
     D:7: 1426 daAuts
     D:3: 1423 daAuts
     D:5: 981 daAuts
     D:4: 964 daAuts
     D:1: 809 daAuts
     D:6: 632 daAuts
     D:2: 439 daAuts
     D:8: 372 daAuts
 Abyss:2: 254 daAuts
 Abyss:1: 61 daAuts
